 Dungeon Sprint DCSS version 0.18.1-5-g4a78601 (webtiles) character file.

70 IcyTea the Magician (level 4, 0/30 HPs)
             Began as a Demonspawn Air Elementalist on May 14, 2016.
             Slain by a phantom (4 damage)
             ... in the Dungeon (Sprint IX: "|||||||||||||||||||||||||||||").
             The game lasted 00:02:00 (160 turns).

IcyTea the Magician (Demonspawn Air Elementalist)    Turns: 160, Time: 00:02:00

Health: 0/30       AC:  4    Str:  8    XL:     4   Next: 4%
Magic:  0/13       EV: 12    Int: 17    God:
Gold:   0          SH:  0    Dex: 14    Spells: 3 memorised, 13 levels left

rFire  . . .     SeeInvis .     (no weapon)
rCold  . . .     Gourm    .     a - +0 robe
rNeg   . . .     Faith    .     (no shield)
rPois  .         Spirit   .     (no helmet)
rElec  .         Dismiss  .     (no cloak)
rCorr  .         Reflect  .     (no gloves)
SustAt .         Harm     .     (no boots)
MR     .....     NoTele   +     (no amulet)
Stlth  ++........               (no ring)
                                (no ring)

@: exhausted, very slightly contaminated, slowed, very slow, not resistant to
hostile enchantments, unstealthy
A: slimy green scales 1, powered by pain 1
a: no special abilities


You were in the Dungeon.
You were not hungry.

You visited 1 branch

Inventory:

Armour
 a - a +0 robe (worn)
Scrolls
 i - a scroll of blinking
Potions
 d - a potion of curing
 e - a potion of heal wounds
 f - a potion of haste
 g - 2 potions of magic
Books
 b - a book of Air

   Spells                             Type                      Level
   a - Shock                          Conjuration/Air              1
   b - Swiftness                      Charms/Air                   2
   c - Repel Missiles                 Charms/Air                   2
   d - Static Discharge               Conjuration/Air              3
   e - Lightning Bolt                 Conjuration/Air              5
Comestibles
 c - a bread ration


   Skills:
 - Level 1.7 Dodging
 - Level 1.7 Stealth
 + Level 7.5 Spellcasting
 - Level 1.0 Conjurations
 - Level 2.6 Air Magic


You had 13 spell levels left.
You knew the following spells:

 Your Spells              Type           Power        Failure   Level  Hunger
a - Shock                 Conj/Air       ##..         6%          1    None
b - Repel Missiles        Chrm/Air       ##....       12%         2    None
c - Swiftness             Chrm/Air       ##......     12%         2    None


Dungeon Overview and Level Annotations

Branches:
Dungeon (1/1)

Altars:


Innate Abilities, Weirdness & Mutations

You are partially covered in slimy green scales (AC +2).
You sometimes gain a little power by taking damage.


Message History

You miscast Shock.
You are very lightly contaminated with residual magic.
You hear a crackling sound.
There is a staircase leading out of the dungeon here.
You no longer feel sluggish.
Casting: Shock
Confirm with . or Enter, or press ? or * to list all spells.
Aiming: Shock
Press: ? - help, Shift-Dir - straight line, f/p - phantom
Aim: a phantom (heavily damaged)
The zap hits the phantom.
The phantom is heavily damaged.
You miss the phantom.
The phantom is heavily damaged.
The phantom hits you.
* * * LOW HITPOINT WARNING * * *
The phantom blinks!
The phantom blinks!
The phantom hits you.
You die...

▓▓▓
▓@▓
▓W▓
▓.▓
▓.▓
▓'▓
▓†▓
▓.▓
▓†▓
▓.▓


You could see a phantom.

Vanquished Creatures
  A hound (D)
  A worker ant (D)
  A shadow imp (D)
  2 dart slugs (D)
  An orc (D)
  A ball python (D)
  A jackal (D)
  A bat (D)
9 creatures vanquished.

Notes
Turn   | Place    | Note
--------------------------------------------------------------
     0 | D        | IcyTea the Demonspawn Air Elementalist began the quest for the Orb.
     0 | D        | Reached XP level 1. HP: 13/13 MP: 3/3
     4 | D        | Reached skill level 3 in Spellcasting
    12 | D        | Reached skill level 4 in Spellcasting
    12 | D        | Gained mutation: You sometimes gain a little power by taking damage. [demonic ancestry]
    12 | D        | Reached XP level 2. HP: 12/19 MP: 0/7
    16 | D        | Learned a level 2 spell: Repel Missiles
    19 | D        | Learned a level 2 spell: Swiftness
   128 | D        | Noticed a phantom
   139 | D        | Reached skill level 5 in Spellcasting
   142 | D        | Reached skill level 6 in Spellcasting
   142 | D        | Gained mutation: You are partially covered in slimy green scales (AC +2). [demonic ancestry]
   142 | D        | Reached XP level 3. HP: 15/24 MP: 0/11
   146 | D        | Reached skill level 7 in Spellcasting
   146 | D        | Reached XP level 4. HP: 22/30 MP: 0/13
   160 | D        | Slain by a phantom

Skill      XL: |  1  2  3 |
---------------+----------+-----
Spellcasting   | 4 6 7 |  7.5
Dodging        | |  1.7
Stealth        | |  1.7
Conjurations   | |  1.0
Air Magic      | |  2.6

Action                   |  1- 3 |  4- 6 || total
-------------------------+-------+-------++-------
Melee: Unarmed           |     8 |     5 ||    13
 Cast: Shock             |     9 |     1 ||    10
       Swiftness         |     1 |       ||     1
  Use: Potion            |     1 |       ||     1
Armor: Robe              |     1 |       ||     1
Dodge: Dodged            |     5 |     2 ||     7
